 Dungeon Crawl Stone Soup version 0.25-a0-510-ge065f6de7d (webtiles) character file.

Game seed: 5182459199647315617, levelgen mode: classic

45 EnegeticOcto the Shield-Bearer (level 3, 23/34 HPs)
             Began as a Deep Dwarf Fighter on Feb 15, 2020.
             Was a Follower of Ashenzari.
             Quit the game on level 2 of the Dungeon.
             The game lasted 00:00:36 (407 turns).

EnegeticOcto the Shield-Bearer (Deep Dwarf Fighter)  Turns: 407, Time: 00:00:36

Health: 23/34      AC:  6    Str: 20    XL:     3   Next: 42%
Magic:  3/3        EV:  7    Int:  8    God:    Ashenzari [*.....]
Gold:   58         SH:  9    Dex: 12    Spells: 2/2 levels left

rFire    . . .     SeeInvis .   a - +0 war axe
rCold    . . .     Gourm    .   c - +0 kite shield
rNeg     . . .     Faith    .   b - +0 scale mail
rPois    .         Spirit   .   (no helmet)
rElec    .         Reflect  .   (no cloak)
rCorr    .         Harm     .   (no gloves)
MR       .....                  (no boots)
Stlth    ..........             (no amulet)
HPRegen  0.00/turn              (no ring)
MPRegen  0.08/turn              (no ring)

@: non-regenerating
A: damage resistance, heal wounds, sense surroundings 1, no regeneration
a: Heal Wounds, Curse Item, Scrying, Renounce Religion


You were on level 2 of the Dungeon.
You worshipped Ashenzari.
Ashenzari was aware of your devotion.
You were not hungry.

You visited 1 branch of the dungeon, and saw 2 of its levels.

You collected 58 gold pieces.

Inventory:

Hand Weapons
 a - a +0 war axe (weapon)
Armour
 b - a +0 scale mail (worn)
 c - a +0 kite shield (worn)
Scrolls
 h - a scroll of random uselessness {unknown}
 j - 5 scrolls of identify {unknown}
 k - a scroll of magic mapping {unknown}
Potions
 d - a potion of might {@q3}
 f - a potion of flight {unknown}
 i - 2 potions of ambrosia {unknown}
 l - 2 potions of heal wounds {unknown}
 m - a potion of curing {unknown}
 n - a potion of lignification {unknown}
 o - a potion of invisibility {unknown}
Comestibles
 e - 3 rations
 g - 8 chunks of flesh


   Skills:
 + Level 3.0 Fighting
 * Level 3.0 Axes
 + Level 3.5 Armour
 + Level 1.1 Dodging
 + Level 3.6 Shields


You had 2 spell levels left.
You didn't know any spells.
Your spell library was empty.

Dungeon Overview and Level Annotations

Branches:
Dungeon (2/15)

Altars:
Ashenzari


Innate Abilities, Weirdness & Mutations

You are resistant to damage.
You can heal yourself by infusing magical energy.
You passively map a small area around you.
You do not regenerate.


Message History

The rat barely misses you.
Found an emerald potion.
You slash the rat!
You kill the rat!
The goblin closely misses you.
You hit the goblin.
The goblin is severely wounded.
A hobgoblin comes into view.
The goblin hits you but does no damage.
You closely miss the goblin.
The goblin is severely wounded.
The goblin barely misses you.
You completely miss the goblin.
The goblin is severely wounded.
The goblin hits you but does no damage. You block the goblin's attack.
You slash the goblin!
You kill the goblin!
The hobgoblin hits you.
You closely miss the hobgoblin. The hobgoblin barely misses you.
A hobgoblin is nearby!
You barely miss the hobgoblin. The hobgoblin hits you.
You closely miss the hobgoblin.
The hobgoblin hits you but does no damage.
The hobgoblin hits you.
You hit the hobgoblin but do no damage. You block the hobgoblin's attack.
An ooze comes into view.
Some of the chunks of flesh in your inventory have rotted away.
The ooze quivers.
You hit the hobgoblin but do no damage. The hobgoblin hits you. x2
You hit the hobgoblin.
The hobgoblin is heavily wounded.
The hobgoblin hits you.
You hit the hobgoblin.
You kill the hobgoblin!
The ooze hits you but does no damage.
You see here a hobgoblin corpse.
You hit the ooze.
The ooze is moderately wounded.
The ooze barely misses you. The ooze closely misses you.
An ooze is nearby!
An ooze is nearby!
You slash the ooze!
You kill the ooze!
Your Axes skill increases to level 3!
No target in view!
No target in view!
No target in view!
No target in view!
No target in view!
You butcher the hobgoblin corpse.
g - 8 chunks of flesh (gained 3)
You see here a hobgoblin skeleton. x2
A rat comes into view.
Found a stone staircase leading up.
A rat is nearby!
A rat is nearby!
The rat bites you but does no damage.
Found 8 boomerangs.
Your shield prevents you from hitting the rat.
The rat barely misses you.
You slash the rat!
You kill the rat!
No target in view!
No target in view!
No target in view!
No target in view!
No target in view!
No target in view!
No target in view!
Found a faded altar of an unknown god.
i - 2 emerald potions (gained 1)
A hobgoblin comes into view.
The hobgoblin shouts!
The hobgoblin moves out of view.
The hobgoblin is too close now for your liking.
There is a faded altar of an unknown god here.
A hobgoblin is nearby!
The hobgoblin hits you.
You hit the hobgoblin.
The hobgoblin is severely wounded.
You block the hobgoblin's attack.
You hit the hobgoblin.
You kill the hobgoblin!
No target in view!
No target in view!
No target in view!
No target in view!
No target in view!
No target in view!
No target in view!
No target in view!
No target in view!
There is a faded altar of an unknown god here.
You cannot tell which god this altar belongs to.
Convert to them anyway?
Okay, then.
You cannot tell which god this altar belongs to.
Convert to them anyway?
Ashenzari accepts your prayer! Ashenzari welcomes you!
You can now curse your items.
You can now scry through walls.
Are you sure you want to abandon this character and quit the game? (Confirm with "yes".)

* #######..###
...........# ,
,#..........#
#..........# ,
...........## , ,
**#...........#
#...........#####
.^.......#......#
###.#.#.#@#.....#
#.#....#....(#
##............#
###..#.####.....#
........####.....#
...........#.....#
*#................#
#.............####
##............##


There were no monsters in sight!

Vanquished Creatures
  An adder (D:2)
  An ooze (D:2)
  A dart slug (D:1)
  A leopard gecko (D:1)
  3 bats
  A giant cockroach (D:1)
  4 goblins
  5 hobgoblins
  2 jackals (D:1)
  A quokka (D:2)
  A frilled lizard (D:2)
  A kobold (D:2)
  6 rats
28 creatures vanquished.

Notes
Turn   | Place    | Note
-------+----------+-------------------------------------------
     0 | D:1      | EnegeticOcto the Deep Dwarf Fighter began the quest for the
                  | Orb.
     0 | D:1      | Reached XP level 1. HP: 20/20 MP: 1/1
    73 | D:1      | Reached XP level 2. HP: 22/27 MP: 2/2
   277 | D:2      | Reached skill level 1 in Dodging
   277 | D:2      | Reached XP level 3. HP: 28/34 MP: 3/3
   392 | D:2      | Found a faded altar of an unknown god.
   406 | D:2      | Became a worshipper of Ashenzari the Shackled
   406 | D:2      | Reached * piety under Ashenzari
   407 | D:2      | Quit the game

Levels and vault maps discovered:
D:1:      minmay_arrival_glassed_features, layout_loops_ring,
          grunt_decor_one_mirror, hangedman_decor_clover_reticule
D:2:      layout_rooms, old_standard_altar, chequers_ecumenical_altar_simple,
          st_stairs_11, kennysheep_generic_room_6, uniq_natasha

Skill      XL: |  1  2  3 |
---------------+----------+-----
Fighting       | 3 |  3.0
Dodging        | 1 |  1.1
Axes           | 3 |  3.0
Armour         | |  3.5
Shields        | |  3.6

Action                   || total
-------------------------++-------
Melee: War axe           ||    82
Armor: Scale mail        ||    27
Dodge: Dodged            ||    31
Block: Kite shield       ||    33

Table legend:
 A = Non-vault XP
 B = Vault XP
 C = Vault XP percentage of total XP
 D = Non-vault monster count
 E = Vault monster count
 F = Vault count percentage of total count
                 A         B        C        D         E       F
            +---------+---------+-------+---------+---------+-------
      Total |      49 |      16 |  24.6 |      24 |       4 |  14.3
            +---------+---------+-------+---------+---------+-------
        D:1 |      30 |       0 |   0.0 |      15 |       0 |   0.0
        D:2 |      19 |      16 |  45.7 |       9 |       4 |  30.8
            +---------+---------+-------+---------+---------+-------
